 Dungeon Crawl Stone Soup version 0.30-a0-1008-g30c9307041 (webtiles) character file.

Game seed: 1452594159488767421

276 billz999 the Sneak (level 6, -2/36 HPs)
             Began as an Octopode Earth Elementalist on Apr 5, 2023.
             Slain by a hobgoblin (3 damage)
             ... on level 3 of the Dungeon.
             The game lasted 00:06:09 (1838 turns).

billz999 the Sneak (Octopode Earth Elementalist)    Turns: 1838, Time: 00:06:09

Health: -2/36      AC:  1    Str:  8    XL:     6   Next: 25%
Magic:  9/9        EV: 13    Int: 19    God:
Gold:   43         SH:  0    Dex: 12    Spells: 4/10 levels left

rFire   . . .      SeeInvis .    (no weapon)
rCold   + . .      Faith    .    (no shield)
rNeg    . . .      Spirit   .    (helmet restricted)
rPois   .          Reflect  .    (no amulet)
rElec   .          Rampage  .    b - ring of protection from cold
rCorr   .                        (no ring)
Will    .....                    (no ring)
Stlth   ++++                     (no ring)
HPRegen 0.26/turn                (no ring)
MPRegen 0.11/turn                (no ring)
                                 (no ring)
                                 (no ring)

@: on berserk cooldown, attractive, hasted and slowed
A: almost no armour, amphibious, 8 rings, camouflage 1, gelatinous body 1,
(nimble swimmer 1), tentacles
a: no special abilities


You were on level 3 of the Dungeon.
You visited 1 branch of the dungeon, and saw 3 of its levels.

You collected 43 gold pieces.

Inventory:

Missiles
 e - 4 boomerangs
Jewellery
 b - a ring of protection from cold (left tentacle)
Scrolls
 c - 2 scrolls of enchant armour {unknown}
 d - 2 scrolls of magic mapping {unknown}
 h - a scroll of torment {unknown}
 i - 4 scrolls of identify {unknown}
Potions
 a - a potion of magic


   Skills:
 - Level 2.0 Dodging
 - Level 5.2 Stealth
 + Level 2.5 Spellcasting
 - Level 3.5 Conjurations
 - Level 1.0 Transmutations
 - Level 4.3 Earth Magic


You had 4 spell levels left.
You knew the following spells:

 Your Spells              Type           Power      Damage    Failure   Level
a - Sandblast             Erth           36%        2d10      2%          1
b - Stone Arrow           Conj/Erth      34%        3d9       10%         3
c - Searing Ray           Conj           30%        2d5       6%          2

Your spell library contained the following spells:

 Spells                   Type           Power      Damage    Failure   Level
 Magic Dart               Conj           60%        1d6       3%          1
 Passwall                 Tmut/Erth      10%        N/A       9%          2
 Petrify                  Tmut/Erth      12%        N/A       47%         4
 Fulminant Prism          Conj/Hex       4%         3d5       61%         4


Dungeon Overview and Level Annotations

Branches:
Dungeon (3/15)

Altars:

Shops:
D:1 *


Innate Abilities, Weirdness & Mutations

You cannot wear most types of armour.
You are amphibious.
You can wear up to eight rings at the same time.
Your skin changes colour to match your surroundings (Stealth+).
Your rubbery body absorbs attacks. (AC +1, EV +1)
((You are camouflaged when in or above water. (Stealth+)))
You have tentacles for arms and can constrict up to eight enemies at once.


Message History

A magic dart appears from out of thin air!
The magic dart hits you.
A hobgoblin comes into view.
Unknown command.
Something hits you. The orc attacks as you move away!
The orc hits you with a +0 dagger.
You hear some strange, mumbled words.
A puff of flame appears from out of thin air!
The puff of flame hits you! The orc misses you.
It was a potion of attraction.
You feel attractive to monsters.
The orc hits you with a +0 dagger. x2; Something is attracted toward you.
It was a potion of haste.
You feel yourself speed up.
You feel less confused. The orc hits you with a +0 dagger.
* * * LOW HITPOINT WARNING * * *
The orc hits you with a +0 flail.
* * * LOW HITPOINT WARNING * * *
The orc misses you. The orc is attracted toward you.
The orc is attracted toward you. The hobgoblin is attracted toward you.
The orc attacks as you move away! The orc barely misses you.
The orc attacks as you move away! The orc barely misses you.
The orc attacks as you move away! The orc closely misses you.
A hobgoblin comes into view.
The hobgoblin is attracted toward you. The orc attacks as you move away!
The orc hits you with a +0 dagger.
* * * LOW HITPOINT WARNING * * *
A goblin comes into view. It is wielding a +0 dagger.
The hobgoblin is attracted toward you. The orc is attracted toward you.
The goblin is attracted toward you. The orc hits you with a +0 dagger.
* * * LOW HITPOINT WARNING * * *
The hobgoblin shouts!
The hobgoblin is attracted toward you. The goblin is attracted toward you.
You hear a shout!
The hobgoblin hits you.
* * * LOW HITPOINT WARNING * * *
The hobgoblin hits you.
You die...

## #.<#####.###.
#.###..g§.......
#.#..##.##....
#.#.##........
####.#...........
#.......####.....
#.##.#§.......###
#.##.og....# .#
#.####o@##.#§..
#.####.gg§§.....
#...oo.###.#..
######## #


You could see 4 orcs, 2 hobgoblins and a goblin (wandering).

Vanquished Creatures
  Sigmund (D:2)
  3 adders (D:2)
  3 gnolls (D:2)
  2 worms (D:2)
  3 dart slugs
  4 endoplasms
  A giant cockroach (D:2)
  9 goblins
  2 hobgoblins (D:1)
  2 jackals (D:2)
  2 quokkas
  5 ball pythons
  4 bats
  A frilled lizard (D:1)
  4 kobolds
  5 rats
51 creatures vanquished.

Notes
Turn   | Place    | Note
-------+----------+-------------------------------------------
     0 | D:1      | billz999 the Octopode Earth Elementalist began the quest
                  | for the Orb.
     0 | D:1      | Reached XP level 1. HP: 11/11 MP: 3/3
    81 | D:1      | Reached skill level 3 in Stealth
   121 | D:1      | Reached XP level 2. HP: 17/17 MP: 1/5
   294 | D:1      | Found Fojodgh's Assorted Antiques.
   589 | D:1      | Reached XP level 3. HP: 21/21 MP: 4/6
   672 | D:1      | Reached skill level 4 in Stealth
   887 | D:2      | Found a faded altar of an unknown god.
  1093 | D:2      | Reached XP level 4. HP: 27/27 MP: 4/7
  1182 | D:2      | Reached skill level 5 in Stealth
  1293 | D:2      | Learned a level 3 spell: Stone Arrow
  1352 | D:2      | Noticed Sigmund
  1363 | D:2      | Killed Sigmund
  1364 | D:2      | Reached XP level 5. HP: 23/31 MP: 2/8
  1364 | D:2      | Reached XP level 6. HP: 27/36 MP: 2/9
  1510 | D:2      | Learned a level 2 spell: Searing Ray
  1838 | D:3      | HP: 1/36 [hobgoblin[Robin] (4)]
  1838 | D:3      | Slain by a hobgoblin

Illustrated notes

Levels and vault maps discovered:
D:1:      doesnt_arrival_eight_statues, layout_rooms, serial_shops,
          nicolae_shop_behind_doors, moated_statue, minivault_24
D:2:      layout_rooms, hellmonk_ecumenical_altar_dog_temple, minmay_tall_x,
          uniq_sigmund
D:3:      layout_loops_cross, ebering_ghost_rock_garden, uniq_ijyb,
          uniq_jessica, uniq_crazy_yiuf_cottage, uniq_natasha, uniq_robin

Skill      XL: |  1  2  3  4 |
---------------+-------------+-----
Stealth        | 3 4 5 |  5.2
Earth Magic    | 4 |  4.3
Conjurations   | 3 |  3.5
Dodging        | |  2.0
Spellcasting   | |  2.5
Transmutations | |  1.0

Action                     |  1- 3 |  4- 6 || total
---------------------------+-------+-------++-------
  Melee: Unarmed           |     4 |       ||     4
         Constrict         |     3 |       ||     3
         Tentacles         |     2 |       ||     2
   Cast: Sandblast         |    44 |    31 ||    75
    Use: Potion            |       |     3 ||     3
 Armour: Skin              |     3 |     1 ||     4
  Dodge: Dodged            |    14 |    12 ||    26

Table legend: (Time is in decaauts)
 A = Elapsed time spent in this place.
 B = Non-inter-level travel time spent in this place.
 C = Inter-level travel time spent in this place.
 D = Time resting spent in this place.
 E = Time spent auto-exploring this place.
 F = Levels seen in this place.
 G = Mean time per level.
                   A        B        C        D        E       F      G
               +--------+--------+--------+--------+--------+-----+--------+
         Total |   1878 |   1782 |     96 |    520 |    853 |   3 |  626.0 |
       Dungeon |   1878 |   1782 |     96 |    520 |    853 |   3 |  626.0 |
               +--------+--------+--------+--------+--------+-----+--------+

Top non-repeatable levels by time:
     D:1: 964 daAuts
     D:2: 884 daAuts
     D:3: 29 daAuts
